 Dungeon Crawl Stone Soup version 0.18-a0-74-gda9d8c9 (webtiles) character file.

7263 Duffy the Cleaver (level 11, -3/68 HPs)
             Began as a Tengu Monk on Nov 12, 2015.
             Was the Champion of Cheibriados.
             Slain by a komodo dragon (26 damage)
             ... on level 10 of the Dungeon.
             The game lasted 00:19:11 (10792 turns).

Duffy the Cleaver (Tengu Monk)                     Turns: 10792, Time: 00:19:11

Health: -3/68      AC: 15    Str: 34    XL:     11   Next: 12%
Magic:  17/17      EV: 16    Int: 26    God:    Cheibriados [******]
Gold:   498        SH:  0    Dex: 33    Spells: 0 memorised, 10 levels left

rFire  . . .     SeeInvis +     y - +0 war axe
rCold  . . .     Clarity  .     Q - +1 plate armour of Distant Worlds {*Drain rElec Dex+2}
rNeg   . . .     SustAt   .     (no shield)
rPois  +         Gourm    .     (helmet restricted)
rElec  +         Spirit   .     R - +0 cloak {rPois}
rCorr  .         Warding  .     d - +0 pair of gloves
rMut   .         Stasis   .     (boots unavailable)
MR     .....                    (no amulet)
Stlth  ..........               K - ring of see invisible
                                c - +4 ring of strength

@: liquid flames, flying quickly and evasively, glowing, very slow, not
resistant to hostile enchantments, extremely unstealthy
A: beak, talons 3, able to fly 1
a: Bend Time, Temporal Distortion, Slouch, Step From Time, Renounce Religion


You were on level 10 of the Dungeon.
You worshipped Cheibriados.
Cheibriados was exalted by your worship.
You were hungry.

You visited 2 branches of the dungeon, and saw 11 of its levels.

You collected 498 gold pieces.


Innate Abilities, Weirdness & Mutations

You have a beak for a mouth.
You have claws for feet.
You can fly.


   Skills:
 - Level 8.0 Fighting
 + Level 12.4 Axes
 - Level 4.0 Armour
 - Level 5.0 Dodging
 - Level 2.0 Stealth
 - Level 4.5 Unarmed Combat
 + Level 7.2 Invocations


You had 10 spell levels left.
You didn't know any spells.

Inventory:

Hand Weapons
 y - a +0 war axe (weapon)
 S - a +2 scimitar of flaming
Missiles
 j - 3 throwing nets (quivered)
 x - 44 poisoned needles
Armour
 a - a +0 robe
 d - a +0 pair of gloves (worn)
 h - a +0 ring mail
 m - a +0 scale mail
 A - a +0 cloak of magic resistance
 D - the +2 ring mail of Unambiguity {Stlth+, unknown}

   It makes you more stealthy.
 N - a +1 scale mail of magic resistance
 P - a +0 chain mail
 Q - the +1 plate armour of Distant Worlds (worn) {*Drain rElec Dex+2}

   It affects your dexterity (+2).
   It insulates you from electricity.
   It causes draining when unequipped.
 R - a +0 cloak of poison resistance (worn)
Jewellery
 c - a +4 ring of strength (left hand)
 B - an uncursed ring of protection from cold
 H - a +2 ring of intelligence
 K - a ring of see invisible (right hand)
Wands
 l - a wand of fire (9)
 u - a wand of disintegration (13)
 J - a wand of frost (11)
 M - a wand of teleportation (3)
 V - a wand of polymorph (10)
Scrolls
 f - 7 scrolls of remove curse
 g - 2 scrolls of recharging
 o - 2 scrolls of enchant armour {unknown}
 p - 2 scrolls of teleportation
 r - a scroll of fog {unknown}
 t - 2 scrolls of magic mapping {unknown}
 v - 2 scrolls of amnesia {unknown}
 w - 2 scrolls of noise {unknown}
 z - 2 scrolls of enchant weapon {unknown}
 G - a scroll of random uselessness {unknown}
 O - a scroll of immolation {unknown}
 W - a scroll of fear {unknown}
Potions
 i - a potion of heal wounds
 k - 3 potions of cancellation
 n - 2 potions of curing
 q - a potion of agility
 C - 6 potions of lignification
 E - 2 potions of brilliance
 L - a potion of resistance
 T - a potion of might
Books
 e - a book of Unlife
Comestibles
 b - 7 bread rations
 s - 6 chunks of flesh
 I - a royal jelly

Dungeon Overview and Level Annotations

Branches:
Dungeon (10/15)            Temple (1/1) D:5
   Lair: D:8-11         Orc: D:9-12

Altars:
Cheibriados
Dithmenos
Gozag
Kikubaaqudgha
Nemelex Xobeh
Qazlal
Sif Muna
Trog
Vehumet
Yredelemnul
Zin

Shops:
D:6 [   D:10 [

Annotations:
D:5 miniluv's ghost, amateur TrEE


Message History

The iguana is heavily wounded.
You are covered in liquid flames!
The komodo dragon misses you.
You hit the komodo dragon but do no damage.
You claw the komodo dragon. You peck the komodo dragon.
The komodo dragon is severely wounded.
You hit the iguana.
The iguana is heavily wounded.
You hit the mottled dragon but do no damage.
You are covered in liquid flames!
The iguana bites you. The komodo dragon barely misses you.
The mottled dragon misses you.
The mottled dragon claws you but does no damage.
You hit the komodo dragon. Your kick misses the komodo dragon.
The komodo dragon is severely wounded.
You hit the mottled dragon.
The mottled dragon is lightly wounded.
You barely miss the iguana.
The iguana is heavily wounded.
You are covered in liquid flames!
The iguana misses you. The komodo dragon bites you!
The mottled dragon closely misses you. The mottled dragon barely misses you.
You are too injured to fight recklessly!
You are too injured to fight recklessly!
You barely miss the komodo dragon.
You claw the komodo dragon, but do no damage.
You peck the komodo dragon, but do no damage.
The komodo dragon is severely wounded.
You hit the mottled dragon.
The mottled dragon is lightly wounded.
You hit the iguana but do no damage.
The iguana is heavily wounded.
You are covered in liquid flames!
The iguana closely misses you. The komodo dragon bites you!!
You die...

# #.# #.# # ### ### ##
###.## ### ##.#..## #
..####...#.....#
##.##.....#..... ####
######.....Dl........ ##.#
#.#........@l#...###.
...###........######..#
.........###.#.# ...#
######.##.#รท.##.# %##
#####.### ## ## # ###
############### ####
##########..>..........###
...#
#..........#######.......##
...####.P.P..#####
#.....#...


You could see a komodo dragon, a mottled dragon and an iguana.

Action                   |  1- 3 |  4- 6 |  7- 9 | 10-12 || total
-------------------------+-------+-------+-------+-------++-------
Melee: Unarmed           |    82 |   210 |    14 |       ||   306
       War axe           |       |       |   291 |   172 ||   463
 Abil: Fly               |       |     4 |    17 |    10 ||    31
  Use: Scroll            |       |     1 |     8 |     5 ||    14
       Potion            |       |       |     1 |     1 ||     2
 Stab: Sleeping          |     5 |     1 |     6 |       ||    12
       Distracted        |       |     1 |       |       ||     1
  Eat: Chunk             |     1 |     6 |    10 |     7 ||    24
       Bread ration      |       |     1 |       |       ||     1

Notes
Turn   | Place    | Note
--------------------------------------------------------------
     0 | D:1      | Duffy the Tengu Monk began the quest for the Orb.
     0 | D:1      | Reached XP level 1. HP: 14/14 MP: 2/2
   132 | D:1      | Reached XP level 2. HP: 9/19 MP: 3/3
   917 | D:2      | Reached XP level 3. HP: 24/24 MP: 4/4
   922 | D:2      | Reached skill level 4 in Fighting
  1219 | D:2      | Found a sparkling altar of Nemelex Xobeh.
  1794 | D:3      | Reached XP level 4. HP: 25/30 MP: 5/5
  2160 | D:3      | Reached skill level 5 in Fighting
  2590 | D:4      | Gained mutation: You can fly. [Tengu growth]
  2590 | D:4      | Reached XP level 5. HP: 30/35 MP: 6/6
  2977 | D:4      | Reached skill level 6 in Fighting
  3125 | D:4      | Reached skill level 1 in Axes
  3145 | D:4      | Reached XP level 6. HP: 22/41 MP: 7/7
  3394 | D:4      | Reached skill level 2 in Axes
  3394 | D:4      | Reached skill level 4 in Dodging
  4009 | D:5      | Entered Level 5 of the Dungeon
  4055 | D:5      | Reached skill level 3 in Axes
  4138 | D:5      | Got a faintly glowing ring mail
  4175 | D:5      | Reached skill level 5 in Dodging
  4175 | D:5      | Reached XP level 7. HP: 46/46 MP: 4/8
  4241 | D:5      | Found a staircase to the Ecumenical Temple.
  4249 | Temple   | Entered the Ecumenical Temple
  4258 | Temple   | Became a worshipper of Cheibriados the Contemplative
  4258 | Temple   | Reached * piety under Cheibriados
  4258 | Temple   | Reached ** piety under Cheibriados
  4309 | D:5      | Reached skill level 4 in Axes
  4505 | D:5      | Reached skill level 5 in Axes
  4956 | D:5      | Noticed miniluv's ghost (amateur TrEE)
  4979 | D:6      | Reached skill level 6 in Axes
  4979 | D:6      | Reached XP level 8. HP: 41/51 MP: 5/9
  5058 | D:6      | Found a shadowy altar of Dithmenos.
  5160 | D:6      | Reached skill level 7 in Axes
  5180 | D:6      | Reached *** piety under Cheibriados
  5669 | D:6      | Found Ceonk's Armour Boutique.
  6309 | D:7      | Reached skill level 8 in Axes
  6309 | D:7      | Reached skill level 1 in Armour
  6496 | D:7      | Noticed Duvessa
  6497 | D:7      | Noticed Dowan
  6505 | D:7      | Killed Duvessa
  6505 | D:7      | Reached skill level 7 in Fighting
  6511 | D:7      | Killed Dowan
  6511 | D:7      | Reached skill level 2 in Armour
  6624 | D:7      | Reached XP level 9. HP: 57/57 MP: 10/10
  6659 | D:7      | Found a radiant altar of Vehumet.
  6667 | D:7      | Reached **** piety under Cheibriados
  6922 | D:7      | Reached skill level 3 in Armour
  7328 | D:7      | Reached skill level 4 in Armour
  7388 | D:7      | Reached skill level 9 in Axes
  7407 | D:7      | Reached skill level 8 in Fighting
  7974 | D:8      | Reached skill level 1 in Invocations
  8012 | D:8      | Found a bloodstained altar of Trog.
  8017 | D:8      | Reached skill level 2 in Invocations
  8038 | D:8      | Got a pitted plate armour
  8074 | D:7      | Identified the +1 plate armour of Distant Worlds {*Drain rElec Dex+2} (You found it on level 8 of the Dungeon)
  8100 | D:8      | Noticed Maurice
  8119 | D:8      | Killed Maurice
  8119 | D:8      | Reached skill level 10 in Axes
  8119 | D:8      | Reached skill level 3 in Invocations
  8362 | D:8      | Reached ***** piety under Cheibriados
  8373 | D:8      | Reached XP level 10. HP: 50/64 MP: 11/13
  8522 | D:9      | Reached skill level 4 in Invocations
  9105 | D:9      | Reached skill level 11 in Axes
  9105 | D:9      | Reached skill level 5 in Invocations
  9215 | D:9      | Noticed Erica
  9217 | D:10     | Entered Level 10 of the Dungeon
  9413 | D:9      | Killed Erica
  9802 | D:10     | Reached skill level 6 in Invocations
  9966 | D:10     | Noticed an unseen horror
  9969 | D:10     | Killed an unseen horror
  9969 | D:10     | Reached skill level 12 in Axes
 10018 | D:10     | Reached XP level 11. HP: 65/68 MP: 15/17
 10230 | D:10     | Reached ****** piety under Cheibriados
 10507 | D:10     | Found Giypnebb's Antique Armour Emporium.
 10605 | D:10     | Reached skill level 7 in Invocations
 10792 | D:10     | Slain by a komodo dragon

Vault maps used:
D:1:      dpeg_arrival_rooms_b
D:2:      serial_forest, infiniplex_forest_corner_2, infiniplex_forest_join,
          infiniplex_forest_lined_room_3, infiniplex_forest_lined_3_way,
          infiniplex_forest_join, infiniplex_forest_clump_diagonal, nemelex_deck
D:3:      first_bread
D:4:      minmay_goblin_kobold_house
D:5:      minmay_temple_entry_glassed_door, nicolae_ossuary_entry_plus,
          st_stairs_5, minmay_misc_feat_ornament
D:6:      basic_altar, portal_sewer_entry_e, serial_shops, nicolae_shop_stone
D:7:      fiery_altar_vehumet, uniq_duvessa
D:8:      trog_ov_bears_minmay, uniq_maurice
D:9:      uniq_erica
D:10:     erik_lair_dragon, serial_shops, nicolae_shop_overgrown_old_shop,
          amalloy_card_club
Temple:   grunt_wide_crystal_templ_18

Vanquished Creatures
  Erica
  An unseen horror Maurice
  A komodo dragon
  A trapdoor spider zombie
  A deep elf mage
  A wyvern
  2 hungry ghosts
  3 hippogriffs Duvessa
  An ice beast
  An orc warrior
  2 phantoms
  2 wasps
  4 sky beasts
  2 black bears
  3 centaurs
  3 ogres
  2 crocodiles
  6 giant frogs Dowan
  13 killer bees
  5 scorpions
  4 jellies
  5 orc priests
  A centaur zombie
  3 crimson imps
  12 orc wizards
  A giant frog zombie
  2 centaur skeletons
  4 hounds
  A quasit
  3 worker ants
  3 iguanas
  A hound skeleton
  A worker ant zombie
  8 gnolls
  11 adders
  A river rat
  2 shadow imps
  An ooze
  An adder zombie
  3 adder skeletons
  4 worms
  34 orcs
  8 bats
  5 goblins
  8 hobgoblins
  19 jackals
  9 kobolds
  2 quokkas
  3 ball pythons
  10 giant cockroaches
  2 giant geckos
  A giant gecko skeleton
  3 giant newts
  A quokka skeleton
  6 rats
  2 plants
243 creatures vanquished.
